 Dungeon Crawl Stone Soup version 0.21.1-1-g345015f (webtiles) character file.

61 inc the Chiller (level 3, 0/21 HPs)
             Began as a Felid Ice Elementalist on Feb 21, 2018.
             Succumbed to an adder's poison
             ... on level 2 of the Dungeon.
             The game lasted 00:02:45 (1890 turns).

inc the Chiller (Felid Ice Elementalist)            Turns: 1890, Time: 00:02:46

Health: 0/21       AC: 21    Str:  4    XL:     3   Next: 83%
Magic:  5/7        EV:  4    Int: 17    God:
Gold:   21         SH:  0    Dex: 16    Spells: 6/7 levels left
                                        Lives:  0   Deaths: 0

rFire    . . .     SeeInvis +   (weapon unavailable)
rCold    . . .     Gourm    .   (shield unavailable)
rNeg     + + +     Faith    .   (armour unavailable)
rPois    +         Spirit   .   (helmet unavailable)
rElec    .         Reflect  .   (cloak unavailable)
rCorr    .         Harm     .   (gloves unavailable)
MR       .....     NoTele   +   (boots unavailable)
Stlth    ++........             (no amulet)
HPRegen  0.07/turn              e - ring of flight
MPRegen  0.10/turn              (no ring)

@: lethally poisoned (0 -> -5), tree-form
A: very small, no armour, no weapons or thrown items, stealth, see invisible,
carnivore, slow metabolism 1
a: no special abilities


You were on level 2 of the Dungeon.
You were very full.
You were a tree.
You visited 1 branch of the dungeon, and saw 2 of its levels.

You collected 21 gold pieces.

Inventory:

Jewellery
 e - a ring of flight (left branch)
Scrolls
 c - 2 scrolls of enchant weapon {unknown}
 d - a scroll of blinking {unknown}
 g - a scroll of immolation {unknown}
 h - a scroll of remove curse {unknown}
Potions
 f - a potion of lignification
Books
 a - a book of Frost

   Spells                             Type                      Level
   a - Freeze                         Ice                          1
   b - Throw Frost                    Conjuration/Ice              2
   c - Ozocubu's Armour               Charms/Ice                   3
   d - Throw Icicle                   Conjuration/Ice              4
   e - Summon Ice Beast               Ice/Summoning                4
Comestibles
 b - 2 rations


   Skills:
 - Level 2.7 Dodging
 - Level 2.9 Stealth
 + Level 2.5 Spellcasting
   Level 0.8 Conjurations
 + Level 4.0 Ice Magic


You had 6 spell levels left.
You knew the following spells:

 Your Spells              Type           Power        Failure   Level  Hunger
a - Freeze                Ice            ###.         3%          1    #......


Dungeon Overview and Level Annotations

Branches:
Dungeon (2/15)

Altars:


Innate Abilities, Weirdness & Mutations

You cannot wear armour.
You are incapable of wielding weapons or throwing items.
Your paws allow you to move quietly. (Stealth)
((You have sharp claws.))
((You have razor-sharp teeth.))
You have supernaturally acute eyesight. (SInv)
You are carnivorous and can eat meat at any time.
((You cover ground quickly.))
((You are covered in fur. (AC +1)))
You have a slow metabolism.
((Your sharp claws are effective at attacking unaware monsters.))


Message History

Aim: an adder (almost dead)
You freeze the adder.
You kill the adder!
Your Ice Magic skill increases to level 4!
You feel sick.
You feel sick.
* * * LOW HITPOINT WARNING * * *
You feel sick.
There is a lethal amount of poison in your body!
* * * LOW HITPOINT WARNING * * *
You feel sick.
* * * LOW HITPOINT WARNING * * *
You feel sick.
* * * LOW HITPOINT WARNING * * *
You feel sick.
It was a potion of lignification.
You turn into a tree.
Your roots penetrate the ground.
* * * LOW HITPOINT WARNING * * *
You feel sick.
You die...

#....?... #...#... #.....#
#...#... #.....## #...#...
#<)....# #...#...
##......########## #...#...
....$...##.......###...#...
......<.†..........'.'...'...
#!.........##.......###...#...
#########..##♣......# #...#...
#..##.......# #...#...
##.##.......# #######.
#.##.......# #. #..#.......#
#. ...#.......# #. ###+#####
#. #. #.


There were no monsters in sight!

Vanquished Creatures
  2 adders (D:2)
  An ooze (D:1)
  3 leopard geckos
  A bat (D:1)
  4 giant cockroaches (D:1)
  9 goblins
  5 hobgoblins
  A jackal (D:2)
  5 kobolds
31 creatures vanquished.

Vanquished Creatures (others)
  4 toadstools (D:1)
4 creatures vanquished.

Grand Total: 35 creatures vanquished

Notes
Turn   | Place    | Note
-------+----------+-------------------------------------------
     0 | D:1      | inc the Felid Ice Elementalist began the quest for the Orb.
     0 | D:1      | Reached XP level 1. HP: 7/7 MP: 4/4
   337 | D:1      | Reached skill level 3 in Ice Magic
   395 | D:1      | Reached XP level 2. HP: 8/11 MP: 4/6
  1419 | D:1      | Reached XP level 3. HP: 14/14 MP: 7/7
  1874 | D:2      | Reached skill level 4 in Ice Magic
  1887 | D:2      | HP: 1/21 [poisoned by an adder]
  1890 | D:2      | Succumbed to an adder's poison

Skill      XL: |  1  2  3 |
---------------+----------+-----
Ice Magic      | 3 4 |  4.0
Dodging        | |  2.7
Stealth        | |  2.9
Spellcasting   | |  2.5
Conjurations   | |  0.8

Action                   || total
-------------------------++-------
Melee: Unarmed           ||    15
 Cast: Freeze            ||    46
  Use: Potion            ||     1
 Stab: Sleeping          ||     9
  Eat: Chunk             ||     8
Dodge: Dodged            ||    32
